 Dungeon Crawl Stone Soup version 0.29-a0-234-g0dae59b3db (webtiles) character file.

Game seed: 14310170235057869042

1384 esteth the Grappler (level 8, -24/52 HPs)
             Began as an Octopode Fighter on Mar 3, 2022.
             Was a Follower of Dithmenos.
             Annihilated by an ogre
             ... wielding a +0 glaive
              (25 damage)
             ... in a bailey.
             The game lasted 00:11:33 (7976 turns).

esteth the Grappler (Octopode Fighter)              Turns: 7976, Time: 00:11:34

Health: -24/52     AC:  1    Str: 16    XL:     8   Next: 67%
Magic:  8/8        EV: 14    Int: 10    God:    Dithmenos [*.....]
Gold:   261        SH:  4    Dex: 13    Spells: 7/7 levels left

rFire   . . .      SeeInvis .     - Unarmed
rCold   . . .      Faith    .   a - +0 buckler
rNeg    . . .      Spirit   .   (helmet restricted)
rPois   .          Reflect  .   (no amulet)
rElec   .          Harm     .   (no ring)
rCorr   .          Rampage  .   (no ring)
Will    .....                   (no ring)
Stlth   +++++.....              (no ring)
HPRegen 0.17/turn               (no ring)
MPRegen 0.11/turn               (no ring)
                                (no ring)
                                (no ring)

@: mighty, weak-willed, wreathed by umbra
A: almost no armour, amphibious, 8 rings, camouflage 1, gelatinous body 1,
(nimble swimmer 1), tentacles
a: Renounce Religion


You were in a bailey.
You worshipped Dithmenos.
Dithmenos was aware of your devotion.
You visited 2 branches of the dungeon, and saw 8 of its levels.
You also visited: Bailey.

You collected 311 gold pieces.
You spent 50 gold pieces at shops.


Innate Abilities, Weirdness & Mutations

You cannot wear most types of armour.
You are amphibious.
You can wear up to eight rings at the same time.
Your skin changes colour to match your surroundings (Stealth+).
Your rubbery body absorbs attacks. (AC +1, EV +1)
((You are camouflaged when in or above water. (Stealth+)))
You have tentacles for arms and can constrict up to eight enemies at once.


   Skills:
 - Level 3.0 Fighting
 - Level 4.6 Dodging
 - Level 7.2 Stealth
 - Level 3.0 Shields
 + Level 8.4 Unarmed Combat


You had 7 spell levels left.
You didn't know any spells.
Your spell library contained the following spells:

 Spells                   Type           Power      Damage    Failure   Level
 Sandblast                Erth           0%         2d4       45%         1
 Summon Small Mammal      Summ           0%         N/A       45%         1
 Ensorcelled Hibernation  Hex/Ice        0%         N/A       58%         2
 Passwall                 Tmut/Erth      0%         N/A       58%         2
 Static Discharge         Conj/Air       0%         N/A       58%         2
 Call Canine Familiar     Summ           0%         N/A       83%         3
 Frozen Ramparts          Ice            0%         1d2       83%         3
 Stone Arrow              Conj/Erth      0%         3d7       83%         3
 Summon Guardian Golem    Hex/Summ       0%         N/A       83%         3
 Swiftness                Air            0%         N/A       83%         3
 Dispel Undead            Necr           0%         3d6       99%         4
 Ice Form                 Ice/Tmut       0%         N/A       99%         4
 Sticky Flame             Conj/Fire      0%         2d3       99%         4
 Summon Ice Beast         Ice/Summ       0%         N/A       99%         4

Inventory:

Missiles
 e - 195 stones (quivered)
 p - 5 poisoned darts
 x - 2 boomerangs
Armour
 a - a +0 buckler (worn)
Magical Staves
 h - a staff of cold {!a}
   (You found it on level 2 of the Dungeon)
Jewellery
 g - an amulet of regeneration
   (You found it on level 2 of the Dungeon)
Wands
 r - a wand of iceblast (13)
   (You found it on level 4 of the Dungeon)
Scrolls
 i - a scroll of silence {unknown}
 l - 5 scrolls of teleportation {@r4}
 o - a scroll of immolation {!r!r}
 q - a scroll of enchant armour
 s - a scroll of enchant weapon
 w - a scroll of magic mapping {!r}
Potions
 b - 3 potions of might
 f - a potion of attraction {unknown}
 k - 2 potions of brilliance
 n - a potion of haste {@q3}
 v - a potion of degeneration {unknown}

Dungeon Overview and Level Annotations

Branches:
Dungeon (7/15)             Temple (1/1) D:6          Bailey (1/1)

Altars:
Cheibriados
Dithmenos
Elyvilon
Fedhas
Gozag
Hepliaklqana
Kikubaaqudgha
Makhleb
Nemelex Xobeh
Okawaru
Qazlal
Sif Muna
Uskayaw
Vehumet
Wu Jian
Xom
Yredelemnul
Zin

Shops:
D:2 ?   D:4 ?

Annotations:
D:3 exclusion: ogre
D:4 exclusion: ogre
D:5 exclusion: 2 downstairs

....## ###
#..## ##.##
##..## ##...##
♣#..## #.....#
##..###.....##
#..≈≈≈..∩...#
#..≈≈≈...§§§#
#..≈≈≈...§§§#
#..≈≈≈...O§@#
♣..≈≈≈..∩O§§#
#..###.....##
#..## #.....#
#..# ##...##
..# ##.## .#
###


You could see 2 ogres.


Message History

A water moccasin comes into view.
You see here 24 stones.
As you read the scroll of identify {@r1}, it crumbles to dust.
o - a scroll of immolation
As you read the scroll of identify {@r1}, it crumbles to dust.
s - a scroll of enchant weapon
As you read the scroll of identify {@r1}, it crumbles to dust.
q - a scroll of enchant armour
As you read the scroll of identify {@r1}, it crumbles to dust.
w - 2 scrolls of magic mapping Really read
w - 2 scrolls of magic mapping {!r}?
As you read the scroll of magic mapping {!r}, it crumbles to dust.
You feel aware of your surroundings.
You sensed 2 altars, and 1 shop/portal. 2 goblins come into view.
The goblin shouts! x2
A goblin comes into view. It is wielding a +0 spear. x2
The goblin shouts!
You bludgeon the goblin!
You kill the goblin!
Dithmenos accepts your kill. The goblin barely misses you.
Found 14 gold pieces.
Found a flagged portal.
The goblin closely misses you. The goblin barely misses you.
You bludgeon the goblin!
You kill the goblin!
Dithmenos accepts your kill.
You are shrouded in an aura of darkness!
The goblin closely misses you. The goblin hits you with a +0 spear.
The goblin barely misses you.
Things that are here:
a +0 spear; a goblin corpse; 😕 HP[-2]
You take 2 damage, and now have 50/52 hp.
You tentacle-slap the goblin.
You kill the goblin!
Dithmenos accepts your kill. The goblin barely misses you.
You bludgeon the goblin!
You kill the goblin!
Dithmenos accepts your kill.
Things that are here:
a +0 spear; a goblin corpse
There is a flagged portal here.
The world spins around you as you enter the gateway.
You enter a bailey!
Found a gate leading back out of this place.
There is an empty arch of ancient stone here. 😕 HP[+1]
An ogre comes into view. It is wielding a +0 halberd. 😎 HP[+1]
Your hp is fully restored (52).
The ogre shouts!
You hear a shout!
An ogre comes into view. It is wielding a +0 glaive.
You hear a shout!
You hear an angry hiss.
You hear a shout!
The ogre closely misses you. The ogre misses you.
The ogre hits you with a +0 halberd! 😮 HP[-14]
You take 14 damage, and now have 38/52 hp.
MASSIVE DAMAGE!! (PAUSE)
You barely miss the ogre. You squeeze the ogre! The ogre closely misses you.
You bludgeon the ogre!
The ogre hits you from afar with a +0 glaive!!
* * * LOW HITPOINT WARNING * * *
😨 HP[-24]
You take 24 damage, and now have 14/52 hp.
MASSIVE DAMAGE!! (PAUSE)
The ogre closely misses you.
Okay, then. 😨 HP[+1]
Okay, then.
It was a potion of haste.
You feel yourself speed up. The ogre misses you.
The ogre completely misses you.
There is a gate leading back out of this place here.
It was a potion of flight.
You feel very buoyant.
You fly up into the air.
It was a potion of cancellation.
Your magical effects are unravelling.
You feel magically purged.
You feel yourself slow down.
You float gracefully downwards.
Okay, then.
You feel very mighty all of a sudden.
The ogre hits you from afar with a +0 glaive!
* * * LOW HITPOINT WARNING * * *
The ogre barely misses you. 😱 HP[-14]
You take 14 damage, and now have 1/52 hp.
MASSIVE DAMAGE!! (PAUSE)
As you read the scroll labelled NUPTEUW CITE, it crumbles to dust.
Magic quickly surges around you.
It was a scroll of vulnerability.
The ogre barely misses you.
As you read the scroll labelled SAISOPROYSI, it crumbles to dust.
It is a scroll of amnesia.
You feel forgetful for a moment. The ogre closely misses you.
As you read the scroll labelled UFUIH SOLUVAUHEEC, it crumbles to dust.
The scroll dissolves into smoke.
It was a scroll of fog.
The ogre hits you from afar with a +0 glaive!!
You die...

Skill      XL: |  1  2  3  4  5  6  7  8 |
---------------+-------------------------+-----
Stealth        | 1 2 3 4 5 7 |  7.2
Unarmed Combat | 3 6 8 |  8.4
Dodging        | 4 |  4.6
Fighting       | |  3.0
Shields        | |  3.0

Action                   |  1- 3 |  4- 6 |  7- 9 || total
-------------------------+-------+-------+-------++-------
Melee: Unarmed           |    77 |   108 |   114 ||   299
       Tentacles         |    11 |    29 |    31 ||    71
       Constrict         |    23 |    24 |    28 ||    75
       Punch             |     1 |     5 |     6 ||    12
  Use: Potion            |       |     4 |     4 ||     8
       Scroll            |       |       |     8 ||     8
 Stab: Sleeping          |    17 |     6 |     8 ||    31
       Distracted        |       |     1 |     2 ||     3
Armor: Skin              |     5 |     4 |     7 ||    16
Dodge: Dodged            |    33 |    53 |    76 ||   162
Block: Buckler           |    10 |    12 |    20 ||    42

Levels and vault maps discovered:
D:1:      dpeg_arrival_erosion, layout_basic, serial_bayou_lagoon_a
D:2:      layout_basic, chequers_ecumenical_altar_simple_redux, serial_shops,
          nicolae_shop_hallway_plus, minmay_statues_item, minmay_tromino_v7
D:3:      layout_loops_ring, nicolae_figureground_sparkle
D:4:      layout_cave_pods, kennysheep_mini_moat, serial_shops,
          nicolae_shop_behind_doors
D:5:      layout_basic, mainiacjoe_overflow_big_doors, elyvilon_altar_5
D:6:      layout_basic, nicolae_overflow_crystal_walls,
          minmay_temple_entry_tees, chequers_serial_rivers_large_a,
          minmay_mini_ossuary
D:7:      layout_rooms, mainiacjoe_overflow_brackets,
          mainiacjoe_overflow_tiny_flanked, enter_bailey_3
Temple:   cyrus_circular_temple
Bailey:   bailey_polearm_enchanted_keep_hellmonk, bailey

Notes
Turn   | Place    | Note
-------+----------+-------------------------------------------
     0 | D:1      | esteth the Octopode Fighter began the quest for the Orb.
     0 | D:1      | Reached XP level 1. HP: 16/16 MP: 1/1
     0 | D:1      | magus.rc [v1.11.3]
    70 | D:1      | You fall into a shaft and drop 1 floor!
    86 | D:2      | Reached skill level 1 in Stealth
   222 | D:1      | Reached XP level 2. HP: 14/21 MP: 2/2
   332 | D:1      | You pick up a book of Geomancy and begin reading...
   332 | D:1      | You add the spells Sandblast, Passwall and Stone Arrow to
                  | your library.
   345 | D:1      | Reached skill level 2 in Stealth
   730 | D:1      | Reached XP level 3. HP: 26/26 MP: 3/3
  1226 | D:2      | Found a faded altar of an unknown god.
  1248 | D:2      | Reached skill level 3 in Stealth
  1377 | D:2      | Found Tahih's Magic Scroll Shoppe.
  1391 | D:2      | Bought a scroll of teleportation for 30 gold pieces
  1391 | D:2      | Bought a scroll of identify for 20 gold pieces
  1821 | D:3      | Reached XP level 4. HP: 20/31 MP: 4/4
  1979 | D:3      | You pick up a book of Callings and begin reading...
  1979 | D:3      | You add the spells Summon Small Mammal, Call Canine
                  | Familiar and Summon Guardian Golem to your library.
  2170 | D:3      | You pick up a book of Burglary and begin reading...
  2170 | D:3      | You add the spells Ensorcelled Hibernation and Swiftness to
                  | your library.
  2376 | D:3      | Reached skill level 4 in Stealth
  2679 | D:3      | Noticed an ogre
  2802 | D:4      | Reached skill level 3 in Unarmed Combat
  2802 | D:4      | Reached XP level 5. HP: 36/36 MP: 5/5
  2856 | D:4      | Noticed an ogre
  2983 | D:4      | Found Betyr's Magic Scroll Emporium.
  3040 | D:4      | You pick up a book of Rime and begin reading...
  3040 | D:4      | You add the spells Frozen Ramparts, Ice Form and Summon Ice
                  | Beast to your library.
  3081 | D:4      | Found a hazy altar of Hepliaklqana.
  3620 | D:5      | Entered Level 5 of the Dungeon
  3637 | D:5      | Found a white marble altar of Elyvilon.
  3666 | D:5      | Reached skill level 4 in Dodging
  3666 | D:5      | Reached skill level 5 in Stealth
  3880 | D:5      | Noticed an ogre
  3886 | D:5      | Killed an ogre
  3887 | D:5      | Reached XP level 6. HP: 42/42 MP: 6/6
  3917 | D:5      | Reached skill level 6 in Stealth
  3921 | D:5      | HP: 10/42 [something/magic dart (8)]
  3926 | D:5      | HP: 4/42 [something (2)]
  3932 | D:5      | HP: 6/42 [something (5)]
  4442 | D:4      | HP: 1/42 [ogre/+0 giant spiked club (29)]
  4787 | D:5      | Found an opulent altar of Gozag.
  4789 | D:5      | Found a snail-covered altar of Cheibriados.
  4839 | D:5      | Reached skill level 7 in Stealth
  4839 | D:5      | Reached XP level 7. HP: 46/46 MP: 7/7
  4955 | D:5      | Reached skill level 4 in Unarmed Combat
  5153 | D:5      | You pick up a book of Touch and begin reading...
  5153 | D:5      | You add the spells Static Discharge, Sticky Flame and
                  | Dispel Undead to your library.
  5596 | D:6      | Found a staircase to the Ecumenical Temple.
  5634 | D:6      | Reached skill level 5 in Unarmed Combat
  6461 | Temple   | Entered the Ecumenical Temple
  6500 | Temple   | Became a worshipper of Dithmenos the Shadowed
  6542 | D:6      | Reached skill level 6 in Unarmed Combat
  6542 | D:6      | Reached XP level 8. HP: 18/52 MP: 8/8
  6825 | D:6      | Found a sparkling altar of Nemelex Xobeh.
  6843 | D:6      | You pick up a book of Touch and begin reading...
  7080 | D:6      | Reached skill level 7 in Unarmed Combat
  7371 | D:6      | Reached skill level 8 in Unarmed Combat
  7927 | D:7      | Found a flagged portal.
  7928 | D:7      | Reached * piety under Dithmenos
  7935 | Bailey   | Entered a bailey
  7973 | Bailey   | HP: 1/52 [ogre/+0 glaive (15)]
  7976 | Bailey   | Annihilated by an ogre

Vanquished Creatures
  2 water moccasins (D:6)
  A black bear (D:6)
  An orc warrior (D:6)
  An ogre (D:5)
  A necrophage (D:7)
  A scorpion (D:6)
  4 wights (D:6)
  4 hounds
  A jelly (D:4)
  2 orc priests (D:5)
  A gnoll shaman (D:5)
  4 iguanas
  2 orc wizards
  A mummy (D:6)
  3 gnolls (D:5)
  6 adders
  2 ufetubi (D:6)
  3 dart slugs
  14 orcs
  8 ball pythons
  5 endoplasms
  2 giant cockroaches
  10 goblins
  7 hobgoblins
  3 quokkas (D:1)
  2 bats
  5 frilled lizards
  3 hobgoblin zombies (D:6)
  3 kobolds
  A kobold zombie (D:6)
  7 rats
110 creatures vanquished.

Vanquished Creatures (others)
  2 plants (D:1)
2 creatures vanquished.

Grand Total: 112 creatures vanquished

Table legend:
 A = Non-vault XP
 B = Vault XP
 C = Vault XP percentage of total XP
 D = Non-vault monster count
 E = Vault monster count
 F = Vault count percentage of total count
                 A         B        C        D         E       F
            +---------+---------+-------+---------+---------+-------
      Total |    1931 |      47 |   2.4 |      97 |      13 |  11.8
            +---------+---------+-------+---------+---------+-------
        D:1 |      37 |       0 |   0.0 |      24 |       0 |   0.0
        D:2 |      16 |      17 |  51.5 |       9 |       4 |  30.8
        D:3 |      84 |       0 |   0.0 |      17 |       0 |   0.0
        D:4 |      88 |       0 |   0.0 |       6 |       0 |   0.0
        D:5 |     497 |       0 |   0.0 |      17 |       0 |   0.0
        D:6 |    1125 |      22 |   1.9 |      23 |       5 |  17.9
        D:7 |      84 |       8 |   8.7 |       1 |       4 |  80.0
            +---------+---------+-------+---------+---------+-------

Illustrated notes

Table legend:
 A = Kills in this place as a percentage of kills in entire the game.
 B = Kills by you in this place as a percentage of kills by you in the entire game.
 C = Kills by friends in this place as a percentage of kills by friends in the entire game.
 D = Other kills in this place as a percentage of other kills in the entire game.
 E = Experience gained in this place as a percentage of experience gained in the entire game.
 F = Experience gained in this place divided by the number of levels of this place that you have seen.
                   A       B       C       D       E      F
               +-------+-------+-------+-------+-------+----------------------
         Total | 100.0 | 100.0 |   N/A |   N/A | 100.0 | 219.8
       Dungeon | 100.0 | 100.0 |   N/A |   N/A | 100.0 | 282.6
               +-------+-------+-------+-------+-------+----------------------

Table legend: (Time is in decaauts)
 A = Elapsed time spent in this place.
 B = Non-inter-level travel time spent in this place.
 C = Inter-level travel time spent in this place.
 D = Time resting spent in this place.
 E = Time spent auto-exploring this place.
 F = Levels seen in this place.
 G = Mean time per level.
                   A        B        C        D        E       F      G
               +--------+--------+--------+--------+--------+-----+--------+
         Total |   7967 |   7601 |    366 |   1521 |   5018 |   9 |  885.2 |
       Dungeon |   7874 |   7523 |    351 |   1521 |   4986 |   7 | 1124.9 |
        Temple |     54 |     39 |     15 |      0 |     22 |   1 |   54.0 |
        Bailey |     38 |     38 |      0 |      0 |     10 |   1 |   38.0 |
               +--------+--------+--------+--------+--------+-----+--------+

Top non-repeatable levels by time:
     D:5: 2129 daAuts
     D:6: 1905 daAuts
     D:4: 1018 daAuts
     D:3: 1016 daAuts
     D:2: 908 daAuts
     D:1: 870 daAuts
  Temple: 54 daAuts
  Bailey: 38 daAuts
     D:7: 24 daAuts
